 Dungeon Crawl Stone Soup version 0.31.0-11-ge490571c62 (webtiles) character file.

Game seed: 8884746806646264263

84 qw the Shooter (level 4, 0/22 HPs)
             Began as a Spriggan Hunter on Feb 4, 2024.
             Slain by a goblin
             ... wielding a +0 dagger
             ... led by Robin
              (3 damage)
             ... on level 2 of the Dungeon.
             The game lasted 00:00:04 (1193 turns).

qw the Shooter (Spriggan Hunter)                    Turns: 1193, Time: 00:00:04

Health: 0/22       AC:  2    Str:  7    XL:     4   Next: 24%
Magic:  5/5        EV: 20    Int: 10    God:
Gold:   34         SH:  0    Dex: 20    Spells: 3/3 levels left

rFire   . . .        a - +0 shortbow
rCold   . . .        (shield currently unavailable)
rNeg    . . .        c - +0 robe
rPois   .            (helmet restricted)
rElec   .            (no cloak)
rCorr   .            (gloves unavailable)
SInv    +            (boots unavailable)
Will    .....        (no amulet)
Stlth   ++           (no ring)
HPRegen 0.23/turn    (no ring)
MPRegen 0.09/turn

%: no passive effects
@: very quick
A: very small, no large weapons, unfitting armour, see invisible, speed 3
a: no special abilities


You were on level 2 of the Dungeon.
You visited 1 branch of the dungeon, and saw 2 of its levels.

You collected 34 gold pieces.


Innate Abilities, Weirdness & Mutations

You are very small and have problems with some larger weapons.
You are too small for most types of armour.
You have supernaturally acute eyesight. (SInv)
You cover ground extremely quickly. (Speed+++)


   Skills:
 - Level 1.5 Fighting
 - Level 5.0 Ranged Weapons
 + Level 4.6 Dodging
 - Level 1.5 Stealth


You had 3 spell levels left.
You didn't know any spells.
Your spell library was empty.

Inventory:

Hand Weapons
 a - a +0 shortbow (weapon)
Armour
 c - a +0 robe (worn)
Jewellery
 d - an amulet of reflection
Scrolls
 g - a scroll of fog {unknown}
 h - a scroll of poison {unknown}
Potions
 b - a potion of brilliance {unknown}
 e - a potion of attraction {unknown}
 f - a potion of enlightenment {unknown}

Dungeon Overview and Level Annotations

Branches:
Dungeon (2/15)

Altars:

Shops:
D:1 *

Annotations:
D:2 Robin


Message History

The arrow hits the goblin.
You kill the goblin!
Robin throws the goblin at you! The goblin hits you with a +0 dagger.
The rat completely misses you. The goblin misses you.
You shoot an arrow. The arrow hits the goblin.
The goblin is heavily wounded.
The goblin closely misses you. The rat completely misses you.
The goblin barely misses you.
You shoot an arrow. The arrow hits the goblin.
You kill the goblin!
The rat bites you. The goblin misses you.
You shoot an arrow. The arrow barely misses the goblin. x2
The rat closely misses you. The goblin completely misses you.
You shoot an arrow. The arrow hits the goblin!
You kill the goblin!
The rat bites you. Robin throws the goblin at you!
The goblin hits you with a +0 dagger.
You shoot an arrow. The arrow misses the goblin.
The goblin hits you but does no damage. The rat barely misses you.
The goblin hits you with a +0 dagger. The goblin misses you.
Robin throws the goblin at you! The goblin barely misses you.
The rat bites you.
You shoot an arrow. The arrow closely misses the goblin.
The goblin no longer looks unusually strong.
The hobgoblin no longer looks unusually strong.
The goblin no longer looks unusually strong.
The rat completely misses you. The goblin completely misses you.
The goblin misses you.
You shoot an arrow. The arrow hits Robin.
Robin is moderately wounded.
The rat misses you. Robin closely misses you. The goblin closely misses you.
The goblin completely misses you.
You shoot an arrow.
The arrow hits Robin but does no damage.
Robin is moderately wounded.
The rat misses you. Robin completely misses you.
The goblin hits you with a +0 dagger. The goblin completely misses you.
You shoot an arrow. The arrow hits Robin.
Robin is heavily wounded.
The goblin hits you with a +0 dagger.
You die...

#.# ######### #.#
#.......# #.#####
#.#####.# ##.##...
####.######...#(##
#gg...............
#@##.###......#.#.
#...grg##.# #.#........
.......)...# #.#.#%###.#
......########.#...###.#
...).. #..........##.#
...... #.###>#....##.#
..... ........##.# ...).
##.##.......# #.
##.#.#...


You could see Robin, a hobgoblin, 2 goblins and a rat.

Vanquished Creatures
  Terence (D:2)
  2 dart slugs
  A ball python (D:2)
  2 endoplasms
  3 giant cockroaches
  11 goblins
  6 hobgoblins
  3 jackals (D:1)
  6 kobolds
  A quokka (D:1)
  4 bats
  A frilled lizard (D:1)
  5 rats (D:1)
46 creatures vanquished.

Notes
Turn   | Place    | Note
-------+----------+-------------------------------------------
     0 | D:1      | qw the Spriggan Hunter began the quest for the Orb.
     0 | D:1      | Reached XP level 1. HP: 10/10 MP: 2/2
     0 | D:1      | 0 ||| qw: Version: 0.3-a-160-g6735b56
     0 | D:1      | 0 ||| qw: Game counter: 5776
     0 | D:1      | 0 ||| qw: Melee chars always use a shield: true
     0 | D:1      | 0 ||| qw: God list: Okawaru
     0 | D:1      | 0 ||| qw: Allow faded altars: false
     0 | D:1      | 0 ||| qw: Do Orc after clearing Dungeon:15 true
     0 | D:1      | 0 ||| qw: Do second Lair branch before Depths: true
     0 | D:1      | 0 ||| qw: Lair rune preference: random
     0 | D:1      | 0 ||| qw: Goals: Normal
     0 | D:1      | 0 ||| PLANNING D:1-11
    32 | D:1      | Reached skill level 3 in Dodging
   170 | D:1      | Found Reurph Pawke's General Store.
   177 | D:1      | 177 ||| SHOPLISTING +6 ring of dexterity (468 gold, have
                  | 19).
   177 | D:1      | 177 ||| SHOPLISTING amulet of regeneration (390 gold, have
                  | 19).
   177 | D:1      | 177 ||| SHOPLISTING scroll of teleportation (39 gold, have
                  | 19).
   177 | D:1      | 177 ||| SHOPLISTING wand of roots (3) (93 gold, have 19).
   186 | D:1      | Reached XP level 2. HP: 14/14 MP: 3/3
   201 | D:1      | Found a faded altar of an unknown god.
   641 | D:1      | Reached XP level 3. HP: 18/18 MP: 4/4
   833 | D:1      | 833 ||| READING scroll labelled OZXEOSIHUMP.
   833 | D:1      | 833 ||| ENCHANTING +0 shortbow.
   834 | D:1      | 834 ||| DROPPING scroll of butterflies.
   970 | D:2      | Noticed Terence
   978 | D:2      | Killed Terence
   981 | D:2      | Reached skill level 5 in Ranged Weapons
  1018 | D:2      | Reached XP level 4. HP: 22/22 MP: 5/5
  1176 | D:2      | Identified the +2 helmet "Nurr" {MP+9 Dex+3}
  1176 | D:2      | Noticed Robin
  1189 | D:2      | HP: 5/22 [rat (1)]
  1192 | D:2      | HP: 2/22 [goblin/+0 dagger[Robin] (3)]
  1193 | D:2      | Slain by a goblin

Levels and vault maps discovered:
D:1:      dpeg_arrival_connections, layout_loops_corners, serial_shops,
          shop_fountains, shapermc_ecumenical_altar_mp_urbaneastern
D:2:      layout_loops_cross, uniq_robin, uniq_terence

Skill      XL: |  1  2  3 |
---------------+----------+-----
Dodging        | 3 4 |  4.6
Ranged Weapons | 5 |  5.0
Fighting       | |  1.5
Stealth        | |  1.5

Action                     |  1- 3 |  4- 6 || total
---------------------------+-------+-------++-------
   Fire: Shortbow          |    83 |    32 ||   115
    Use: Scroll            |     1 |       ||     1
 Armour: Robe              |     6 |    17 ||    23
  Dodge: Dodged            |    16 |    28 ||    44

Table legend:
 A = Non-vault XP
 B = Vault XP
 C = Vault XP percentage of total XP
 D = Non-vault monster count
 E = Vault monster count
 F = Vault count percentage of total count
                 A         B        C        D         E       F
            +---------+---------+-------+---------+---------+-------
      Total |      70 |      51 |  42.1 |      37 |       9 |  19.6
            +---------+---------+-------+---------+---------+-------
        D:1 |      46 |       0 |   0.0 |      26 |       0 |   0.0
        D:2 |      24 |      51 |  68.0 |      11 |       9 |  45.0
            +---------+---------+-------+---------+---------+-------
